 Dungeon Crawl Stone Soup version 0.19.1 (webtiles) character file.

82 kae the Insei (level 4, -9/35 HPs)
             Began as a Demonspawn Monk on Dec 17, 2016.
             Killed from afar by a white imp (11 damage)
             ... with a puff of frost
             ... summoned by Natasha
             ... on level 3 of the Dungeon.
             The game lasted 00:03:41 (2181 turns).

kae the Insei (Demonspawn Monk)                     Turns: 2181, Time: 00:03:42

Health: -9/35      AC:  3    Str: 12    XL:     4   Next: 21%
Magic:  0/4        EV: 14    Int: 11    God:
Gold:   92         SH:  0    Dex: 16    Spells: 0 memorised, 3 levels left

rFire  + + .     SeeInvis .     k - +2 mace (crush)
rCold  x . .     Gourm    .     a - +0 robe
rNeg   . . .     Faith    .     (no shield)
rPois  .         Spirit   +     (no helmet)
rElec  .         Reflect  .     (no cloak)
rCorr  .         Harm     .     i - +0 pair of gloves
MR     .....                    (no boots)
Stlth  ++........               l - amulet of guardian spirit
                                (no ring)
                                h - ring of fire

@: slowed, very slow
A: talons 1, fire resistance 1
a: no special abilities


You were on level 3 of the Dungeon.
You were not hungry.

You visited 1 branch of the dungeon, and saw 3 of its levels.

You collected 92 gold pieces.

Inventory:

Hand Weapons
 c - a +0 mace
 k - a +2 mace of crushing (weapon)
Armour
 a - a +0 robe (worn)
 i - a +0 pair of gloves (worn)
Jewellery
 h - a ring of fire (left hand)
 l - an amulet of guardian spirit (around neck)
Scrolls
 g - a scroll of recharging
Comestibles
 b - 4 bread rations
 f - 3 fruits


   Skills:
 + Level 3.5 Fighting
 + Level 3.2 Dodging
 - Level 1.7 Stealth
 * Level 3.8 Unarmed Combat


You had 3 spell levels left.
You didn't know any spells.

Dungeon Overview and Level Annotations

Branches:
Dungeon (3/15)

Altars:
Trog

Annotations:
D:3 Jessica, Natasha


Innate Abilities, Weirdness & Mutations

You have sharp toenails.
Your flesh is heat resistant. (rF+)


Message History

Sorry, you're not good enough to have a special ability.
You hit the white imp.
The white imp is severely wounded.
Jessica shouts!
Jessica moves out of view.
The white imp closely misses you. The shadow imp spits at you.
The rat bites you but does no damage.
You hit the crimson imp. Your kick misses the crimson imp.
The crimson imp is lightly wounded.
Natasha completely misses you. The crimson imp closely misses you.
The rat closely misses you. Natasha closely misses you.
Jessica casts a spell at you.
You feel as though you will be slow longer.
The crimson imp barely misses you. The rat bites you.
* * * LOW HITPOINT WARNING * * *
Unknown command.
The rat closely misses you. Natasha barely misses you.
The white imp gestures at you. The puff of frost hits you!
You feel a terrible chill!
You die...

. .. .... #. #. .#.##
#.###. .... .
.....#.?. .. #......
...#.....###
.......@.#.# #.5@##.#
#5rh##.# ## ....
#.r5##.# ...
....#+##...##.####....
....h..#...##.........
.......#...##.........
.......#...##.........
...)...#......####....
.......#'####.......[.


You could see Natasha, a crimson imp, a white imp, a shadow imp, Jessica and 2
rats.

Vanquished Creatures
  Terence (D:2)
  An adder (D:1)
  An ooze (D:2)
  2 worms (D:2)
  2 dart slugs
  A leopard gecko (D:1)
  2 ball pythons
  2 giant cockroaches
  2 goblins (D:1)
  A hobgoblin (D:2)
  4 jackals
  3 kobolds
  2 quokkas (D:2)
  5 bats
  3 frilled lizards (D:2)
  6 rats
38 creatures vanquished.

Notes
Turn   | Place    | Note
-------+----------+-------------------------------------------
     0 | D:1      | kae the Demonspawn Monk began the quest for the Orb.
     0 | D:1      | Reached XP level 1. HP: 18/18 MP: 1/1
   281 | D:1      | Gained mutation: Your flesh is heat resistant. (rF+) [demonic ancestry]
   281 | D:1      | Reached XP level 2. HP: 6/24 MP: 2/2
   968 | D:1      | Reached XP level 3. HP: 29/29 MP: 3/3
  1015 | D:2      | Noticed Terence
  1613 | D:2      | Killed Terence
  1618 | D:2      | Gained mutation: You have sharp toenails. [demonic ancestry]
  1618 | D:2      | Reached XP level 4. HP: 22/35 MP: 4/4
  1973 | D:2      | Found a bloodstained altar of Trog.
  2161 | D:3      | Noticed Natasha
  2178 | D:3      | Noticed Jessica
  2181 | D:3      | Killed from afar by a white imp

Skill      XL: |  1  2  3 |
---------------+----------+-----
Unarmed Combat | 3 |  3.8
Dodging        | 3 |  3.2
Fighting       | |  3.5
Stealth        | |  1.7

Action                   |  1- 3 |  4- 6 || total
-------------------------+-------+-------++-------
Melee: Mace              |   108 |    27 ||   135
       Kick              |       |     2 ||     2
       Punch             |       |     1 ||     1
  Use: Scroll            |     3 |     3 ||     6
       Potion            |     1 |       ||     1
 Stab: Sleeping          |     5 |     3 ||     8
  Eat: Meat ration       |     1 |       ||     1
Armor: Robe              |    22 |     5 ||    27
Dodge: Dodged            |    86 |    38 ||   124
